 Dungeon Crawl Stone Soup version 0.27.1-33-g824d729ab1 (webtiles) character file.

Game seed: 15068474079518969808

92 unlimited1921 the Magician (level 4, -7/32 HPs)
             Began as a Djinni Fire Elementalist on Dec 4, 2021.
             Shot with an arrow by a centaur (9 damage)
             ... on level 3 of the Dungeon.
             The game lasted 00:09:06 (3794 turns).

unlimited1921 the Magician (DjFE)                   Turns: 3794, Time: 00:09:07

Health: -7/32      AC:  4    Str:  7    XL:     4   Next: 90%
Gold:   54         EV: 11    Int: 18    God:
                   SH:  0    Dex: 13

rFire    + + .     SeeInvis .   k - +5 falchion (holy)
rCold    x . .     Faith    .   (no shield)
rNeg     . . .     Spirit   .   i - +1 leather armour {rPois}
rPois    ∞         Reflect  .   (no helmet)
rElec    .         Harm     .   (no cloak)
rCorr    .         Rampage  .   (no gloves)
Will     .....                  (boots unavailable)
Stlth    ++........             (no amulet)
HPRegen  0.10/turn              (no ring)
MPRegen  0.00/turn              (no ring)

@: flying, very slightly contaminated
A: sickness immunity, fire resistance 2, cold vulnerability 1, float, innate
caster, hp casting, extra vitality 1
a: no special abilities


You were on level 3 of the Dungeon.
You visited 1 branch of the dungeon, and saw 3 of its levels.

You collected 54 gold pieces.

Inventory:

Hand Weapons
 f - a +0 dagger
 g - a +0 trident
 k - a +5 falchion of holy wrath (weapon)
Missiles
 c - 8 poisoned darts (quivered)
 e - 39 stones
Armour
 i - a +1 leather armour of poison resistance (worn)
 l - a +0 helmet
Wands
 a - a wand of digging (3)
Scrolls
 h - a scroll of acquirement {unknown}
 m - a scroll of immolation {unknown}
Potions
 b - a potion of lignification {unknown}
 d - a potion of brilliance {unknown}
 j - a potion of flight {unknown}


   Skills:
 * Level 1.1 Fighting
 + Level 0.3 Armour
 + Level 2.5 Dodging
 + Level 2.0 Stealth
 + Level 3.5 Spellcasting


You couldn't memorise any spells.
You knew the following spells:

 Your Spells              Type           Power      Damage    Failure   Level
a - Foxfire               Conj/Fire      64%        2x1d7     5%          1
b - Conjure Flame         Conj/Fire      16%        6-21      16%         3
c - Inner Flame           Hex/Fire       16%        N/A       16%         3
d - Sticky Flame          Conj/Fire      16%        2d4       45%         4
e - Fireball              Conj/Fire      8%         3d6       82%         5
f - Freeze                Ice            64%        1d8       5%          1
Your spell library was empty.

Dungeon Overview and Level Annotations

Branches:
Dungeon (3/15)

Altars:

Shops:
D:2 [


Innate Abilities, Weirdness & Mutations

You are immune to sickness and miasma.
You are immune to poison.
Your flesh is very heat resistant. (rF++)
You are vulnerable to cold. (rC-)
You float through the air rather than walking.
You learn spells naturally, not from books.
Your magical power is your life essence.
You have superior vitality. (+4 HP)


Message History

You conjure some foxfire!
The foxfire hits the centaur.
The centaur is moderately wounded.
Casting: Foxfire (safe; 5% risk of failure)
Confirm with . or Enter, or press ? or * to list all spells.
You conjure some foxfire!
The foxfire hits the centaur.
The centaur is heavily wounded.
The foxfire hits the centaur.
The centaur is heavily wounded.
The centaur shoots an arrow.
The arrow barely misses you.
The centaur shoots an arrow.
The arrow barely misses you.
Unknown command.
The foxfire hits the centaur but does no damage.
The centaur is heavily wounded.
The foxfire hits the centaur but does no damage.
The centaur is heavily wounded.
The centaur shoots an arrow.
The arrow hits you!
Casting: Foxfire (safe; 5% risk of failure)
Confirm with . or Enter, or press ? or * to list all spells.
You conjure some foxfire!
The foxfire hits the centaur.
The centaur is heavily wounded.
The foxfire hits the centaur.
The centaur is severely wounded.
The centaur shoots an arrow.
The arrow hits you.
Casting: Foxfire (safe; 5% risk of failure)
Confirm with . or Enter, or press ? or * to list all spells.
You conjure some foxfire!
The centaur shoots an arrow.
The arrow hits you.
* * * LOW HITPOINT WARNING * * *
The centaur shoots an arrow.
The arrow hits you.
* * * LOW HITPOINT WARNING * * *
Casting: Foxfire (safe; 5% risk of failure)
Confirm with . or Enter, or press ? or * to list all spells.
You conjure some foxfire!
* * * LOW HITPOINT WARNING * * *
The foxfire hits the centaur.
The centaur is severely wounded.
The foxfire hits the centaur but does no damage.
The centaur is severely wounded.
The centaur shoots an arrow.
The arrow hits you!
You die...

.....# .J..r#####..
............ #####
...§<.## #...#
............ #...#
..w..##...#####...#
.(...# #...†Jc...#
.....# #######.§.#
.....# #v@§# ######
#v§.# #####


You could see a centaur (ally target) and an endoplasm.

Vanquished Creatures
  Robin (D:2)
  3 adders (D:2)
  2 worms
  2 endoplasms (D:2)
  A giant cockroach (D:1)
  12 goblins
  7 hobgoblins
  2 jackals (D:1)
  2 kobolds (D:1)
  A quokka (D:3)
  5 ball pythons
  3 bats (D:1)
  4 frilled lizards
  2 rats (D:2)
47 creatures vanquished.

Vanquished Creatures (collateral kills)
  A foxfire (D:2)
1 creature vanquished.

Vanquished Creatures (others)
  173 foxfires
  3 fungi (D:2)
  8 plants (D:2)
184 creatures vanquished.

Grand Total: 232 creatures vanquished

Notes
Turn   | Place    | Note
-------+----------+-------------------------------------------
     0 | D:1      | unlimited1921 the Djinni Fire Elementalist began the quest
                  | for the Orb.
     0 | D:1      | Reached XP level 1. HP: 15/15 MP: 0/0
   612 | D:1      | Reached XP level 2. HP: 16/21 MP: 0/0
  1523 | D:1      | You are sucked into a shaft and drop 1 floor!
  1613 | D:2      | Reached skill level 3 in Spellcasting
  1613 | D:2      | Reached XP level 3. HP: 22/25 MP: 0/0
  1613 | D:2      | Learned a level 1 spell: Freeze
  2484 | D:2      | Reached XP level 4. HP: 26/31 MP: 0/0
  2493 | D:2      | Noticed Robin
  2503 | D:2      | Killed Robin
  2504 | D:2      | Reached skill level 1 in Fighting
  2829 | D:2      | Found Jaff's Antique Armour Shoppe.
  3250 | D:2      | Found a faded altar of an unknown god.
  3499 | D:3      | Noticed a centaur
  3794 | D:3      | Shot with an arrow by a centaur

Illustrated notes

Levels and vault maps discovered:
D:1:      matt_arrival_diagonals, layout_loops_ring, serial_bayou_pond_d
D:2:      layout_rooms, dreamdust_ecumenical_altar_hidden_monk_grotto,
          serial_shops, nicolae_shop_crystal, serial_bayou_crossing, uniq_robin
D:3:      layout_rooms, grunt_decor_one_mirror, kennysheep_path_1

Skill      XL: |  1  2  3  4 |
---------------+-------------+-----
Spellcasting   | 3 |  3.5
Stealth        | 2 |  2.0
Fighting       | 1 |  1.1
Armour         | |  0.3
Dodging        | |  2.5

Action                   |  1- 3 |  4- 6 || total
-------------------------+-------+-------++-------
Melee: Unarmed           |     1 |       ||     1
       Trident           |     5 |       ||     5
       Falchion          |       |     2 ||     2
 Cast: Foxfire           |    66 |    43 ||   109
Armor: Robe              |     1 |       ||     1
Dodge: Dodged            |    13 |     7 ||    20
       Rpst.: Falchion   |       |     2 ||     2
